 Dungeon Crawl Stone Soup version 0.18-a0-1551-g40744a8 (webtiles) character file.

238641 Aksel the Executioner (level 19, -48/177 HPs)
             Began as a Hill Orc Fighter on Mar 6, 2016.
             Was the Champion of Beogh.
             Killed from afar by a merfolk aquamancer (57 damage)
             ... with a shard of ice
             ... on level 4 of the Shoals on Mar 11, 2016.
             The game lasted 13:35:44 (62418 turns).

Aksel the Executioner (Hill Orc Fighter)           Turns: 62418, Time: 13:35:44

Health: -48/177    AC: 30    Str: 28    XL:     19   Next: 72%
Magic:  26/26      EV: 11    Int:  8    God:    Beogh [******]
Gold:   560        SH: 20    Dex: 22    Spells: 1 memorised, 17 levels left

rFire  . . .     SeeInvis .     V - +3 broad axe (elec)
rCold  + . .     Gourm    .     d - +2 plate armour {rC+}
rNeg   . . .     Faith    .     t - +5 shield {reflect}
rPois  .         Spirit   .     (no helmet)
rElec  .         Dismiss  .     q - +2 cloak {MR+}
rCorr  .         Reflect  +     L - +0 pair of gloves of Gijudgh {Str+4 Slay+5}
SustAt .         Harm     +     G - +0 pair of boots
MR     ++...                    Q - amulet "Moan" {Harm *Drain Str+3 Dex+2}
Stlth  ..........               r - +4 ring of dexterity
                                c - +4 ring of protection

@: very resistant to hostile enchantments, extremely unstealthy
A: walk on water, wild magic 1
a: Smiting, Recall Orcish Followers, Give Item to Named Follower, Resurrection,
Renounce Religion
}: 1/15 runes: gossamer


You were on level 4 of the Shoals.
You worshipped Beogh.
Beogh was exalted by your worship.
You were not hungry.

You visited 7 branches of the dungeon, and saw 37 of its levels.
You also visited: Sewer, Ice Cave and Volcano.

You collected 3789 gold pieces.
You spent 3229 gold pieces at shops.

Inventory:

Hand Weapons
 u - a cursed -2 hunting sling
 T - a +0 spear of freezing
 V - a +3 broad axe of electrocution (weapon)
 Y - a +1 hunting sling of freezing
Missiles
 v - a poisoned sling bullet
 y - 15 steel sling bullets
 A - 8 sling bullets of frost
 S - 15 steel javelins (quivered)
Armour
 d - a +2 plate armour of cold resistance (worn)
 q - a +2 cloak of magic resistance (worn)
 t - a +5 shield of reflection (worn)
 G - a +0 pair of boots (worn)
 I - a +2 fire dragon armour
 L - the +0 pair of gloves of Gijudgh (worn) {Str+4 Slay+5}
   (You bought it in a shop on level 2 of the Orcish Mines)

   It affects your strength (+4).
   It affects your accuracy and damage with ranged weapons and melee attacks
   (+5).
Jewellery
 c - a +4 ring of protection (left hand)
 g - an uncursed ring of protection from cold
 i - an uncursed ring of sustain attributes
 r - a +4 ring of dexterity (right hand)
 s - an uncursed amulet of dismissal
 D - a +3 ring of protection
 Q - the amulet "Moan" (around neck) {Harm *Drain Str+3 Dex+2}
   (You found it on level 2 of the Shoals)

   [amulet of harm]

   It increases damage dealt and taken.
   It affects your strength (+3).
   It affects your dexterity (+2).
 Z - an uncursed ring of protection from magic
Wands
 b - a wand of confusion (31/48)
 f - a wand of polymorph (13/24)
 j - a wand of lightning (7/15)
 m - a wand of flame (4/48)
 o - a wand of teleportation (2/9)
 C - a wand of paralysis (15/24)
 O - a wand of digging (9/24)
 W - a wand of lightning (2/15)
Scrolls
 e - 3 scrolls of fog
 h - a scroll of holy word
 l - 3 scrolls of remove curse
 B - 7 scrolls of identify
 H - a scroll of brand weapon
 K - 5 scrolls of teleportation
 U - 5 scrolls of summoning
Potions
 p - 3 potions of berserk rage
 w - a potion of cancellation
 x - 2 potions of ambrosia
 E - 6 potions of might
 F - a potion of resistance
 J - 3 potions of curing
 N - a potion of agility
 R - a potion of magic
 X - 2 potions of flight
Miscellaneous
 n - a phial of floods
 P - a legendary deck of summoning
Comestibles
 a - 7 bread rations
 k - 2 slices of pizza
 z - a royal jelly
 M - a meat ration


   Skills:
 + Level 17.4 Fighting
 * Level 23.7(25.9) Axes
   Level 16.9(20.8) Maces & Flails
 + Level 3.7(3.9) Slings
 - Level 1.4(2.8) Throwing
 + Level 11.6 Armour
 + Level 4.6 Dodging
 + Level 11.5 Shields
 - Level 5.0 Invocations
 * Level 9.3 Evocations


You had 17 spell levels left.
You knew the following spells:

 Your Spells              Type           Power        Failure   Level  Hunger
a - Pain                  Necr           #...         100%        1    ##.....


Dungeon Overview and Level Annotations

Branches:
Dungeon (15/15)            Temple (0/1) D:5            Lair (7/8) D:11
 Shoals (4/4) Lair:5       Spider (4/4) Lair:4          Orc (2/2) D:11
    Elf (2/3) Orc:2        Vaults (3/5) D:13         Depths (0/5) D:15
  Slime: Lair:6-8     Crypt: Vaults:2-3

Altars:
Ashenzari
Cheibriados
Elyvilon
Gozag
Kikubaaqudgha
Nemelex Xobeh
Okawaru
Pakellas
Qazlal
Ru
Vehumet
The Shining One
Beogh
Lugonu

Shops:
D:4 %   D:5 %   D:7 *   Orc:2 ?[:?   Elf:2 [   Vaults:1 %

Portals:
Trove: Elf:2 (show abyssal rune of Zot)

Annotations:
D:4 Duffy's ghost, weakling MiAK
Shoals:4 Polyphemus
Spider:1 exclusion: Roxanne, Roxanne
Elf:2 3 runed doors


Innate Abilities, Weirdness & Mutations

You can walk on water.
Your spells are a little harder to cast, but a little more powerful.


Message History

The sling bullet of frost hits Bladwarg!
The sling bullet of frost freezes Bladwarg.
The merfolk impaler hits Bladwarg with a trident of distortion!!
Bladwarg blinks!
The faun shoots a stone.
The stone barely misses you.
You hear a splash.
The merfolk aquamancer casts a spell at you.
The ball of steam hits you!
* * * LOW HITPOINT WARNING * * *
Your rust devil disappears in a puff of smoke!
Syrus is engulfed in calcifying dust.
Syrus is moving more slowly.
The catoblepas gores Zorug!!
The death yak barely misses Morun.
The faun shoots a sling bullet of frost.
You reflect the sling bullet of frost off your +5 shield of reflection!
The sling bullet of frost hits the merfolk impaler!
The sling bullet of frost freezes the merfolk impaler.
The merfolk aquamancer casts a spell at you.
The shard of ice hits you! You partially resist.
You die...

≈≈≈≈≈≈)Y.(((!....≈≈≈
≈≈≈≈≈≈≈(Y)))))...≈≈≈
≈≈≈≈≈Y≈≈Y((.....≈≈≈P
≈≈≈≈≈≈oo§)......≈≈≈≈
≈≈≈≈≈≈≈≈o.(...≈≈≈≈≈≈
≈≈≈≈≈m≈≈§....≈≈≈≈≈≈≈
≈≈≈≈≈≈§§§≈(≈≈≈≈≈≈≈≈≈
≈≈≈≈≈≈≈≈§(o≈≈≈≈≈≈≈≈≈
≈≈≈≈≈≈≈@≈≈≈≈≈≈(≈≈≈≈≈
≈..≈≈.H.≈≈§≈≈≈≈≈≈≈≈
###c≈.(..≈m≈≈≈≈≈≈≈
...c.......≈cc≈≈≈
...........≈≈≈≈≈≈
...........≈≈≈≈≈
≈..........≈≈≈≈≈
..........≈≈≈≈.


You could see a merfolk impaler, 2 death yaks, a catoblepas, a griffon, a
merfolk aquamancer, 4 fauns, the friendly Morun the orc warlord, the friendly
Zorug the orc warlord (petrifying), the friendly Bladwarg the orc knight and the
friendly Syrus the orc sorcerer (petrifying).

Vanquished Creatures
  Ilsuiw (Shoals:4)
  A frost giant (IceCv)
  2 deep elf sorcerers
  4 vault wardens
  3 emperor scorpions (Spider:4)
  6 ghost moths
  The ghost of pedritolo the Eclecticist, an adept VSTm of Makhleb (Spider:4)
  6 ironheart preservers
  2 stone giants
  Azrael (D:12)
  A merfolk javelineer (Shoals:3)
  A deep elf death mage (Elf:1)
  4 merfolk impalers
  2 vault guards (Vaults:1)
  An ettin (Vaults:2)
  A deep elf high priest (Elf:1)
  A great orb of eyes (Vaults:2)
  Josephine (Lair:4)
  3 yaktaur captains
  2 entropy weavers (Spider:2)
  A hydra (Lair:7)
  A rakshasa (Vaults:1)
  2 merfolk avatars
  3 death yaks
  4 centaur warriors
  5 dancing weapons
  A tengu warrior (D:14)
  A merfolk aquamancer (Shoals:4)
  2 deep troll shamans
  2 orc high priests
  3 ogre magi
  2 deep elf knights (Elf:1)
  A fire crab (Vaults:2)
  2 skeletal warriors (D:13)
  9 sea snakes
  5 unseen horrors
  A giant orange brain (D:15)
  5 deep trolls
  A lindwurm (Lair:7)
  5 harpies
  3 deep elf archers
  A necromancer (Vaults:1)
  5 ironbrand convokers
  3 hill giants
  4 orc knights
  An orb spider (shapeshifter) (D:15)
  13 orb spiders
  4 manticores
  An orc sorcerer (Vaults:1)
  6 griffons
  25 wolf spiders
  7 ugly things
  24 deep elf magi
  A hornet (shapeshifter) (Vaults:1)
  6 hornets
  4 cyclopes
  5 fauns
  2 black mambas
  6 sirens
  6 vault sentinels
  A fire giant skeleton (Vaults:1)
  An ice statue (IceCv)
  A water nymph (Shoals:2)
  2 torpor snails
  3 spiny frogs
  17 yaktaurs
  A rime drake (Lair:4)
  5 komodo dragons
  18 merfolk
  22 jumping spiders
  7 demonic crawlers
  3 trolls
  A tengu conjurer (D:14)
  6 two-headed ogres
  22 slime creatures
  A polar bear (shapeshifter) (Vaults:1)
  Prince Ribbit (D:5)
  14 polar bears
  3 wind drakes
  2 boulder beetles
  8 snapping turtles
  A blink frog (Lair:4)
  A stone giant simulacrum (Vaults:2)
  50 redbacks
  2 shadows
  2 water elementals
  Eustachio (D:5)
  32 tarantellas
  A wraith (Spider:1)
  35 yaks
  A fire elemental (D:12)
  A yak (shapeshifter) (Vaults:1)
  2 basilisks
  11 hippogriffs
  2 hogs (shapeshifter) (Vaults:2)
  4 humans (D:13)
  A golden eye (shapeshifter) (D:15)
  12 vampire mosquitoes
  A hungry ghost (D:8)
  2 wargs
  19 wolves
  3 soldier ants
  2 hell hounds (D:12)
  6 water moccasins
  6 porcupines
  A human zombie (Vaults:1)
  3 sky beasts
  11 orc warriors
  4 phantoms
  4 black bears
  3 wasps
  9 boggarts
  17 ogres
  13 centaurs
  8 crocodiles
  2 big kobolds
  9 giant frogs
  A wyvern zombie (D:14)
  A water moccasin zombie (D:5)
  2 earth elementals (Elf:2)
  A gnoll sergeant (D:7)
  A glowing shapeshifter simulacrum (Vaults:1)
  5 scorpions
  14 killer bees
  9 wights
  4 electric eels
  11 crimson imps
  2 quasits
  5 hounds
  A giant frog zombie (D:6)
  6 orc priests
  3 centaur skeletons
  11 jellies
  3 giant frog skeletons
  6 iguanas
  Ijyb (D:2)
  17 orc wizards
  5 worker ants
  7 sheep
  2 hound skeletons
  2 hound zombies
  3 worker ant zombies
  6 gnolls (D:7)
  A howler monkey skeleton (D:7)
  16 adders
  17 river rats
  3 shadow imps
  6 oozes
  2 adder zombies (D:6)
  2 adder skeletons
  6 worms
  A dart slug (D:2)
  3 giant geckos
  19 orcs
  2 ball pythons (D:6)
  14 bats
  5 giant cockroaches
  9 goblins
  7 hobgoblins
  10 jackals
  5 quokkas
  A giant cockroach zombie (D:6)
  A giant gecko zombie (D:6)
  3 giant newts
  2 jackal zombies (D:6)
  16 kobolds
  2 quokka skeletons
  A quokka zombie (D:6)
  12 rats
  A bush (Lair:7)
  10 plants
954 creatures vanquished.

Vanquished Creatures (collateral kills)
  Nikola (Elf:1)
  Wiglaf (Spider:2)
  Donald (Orc:2)
  Aizul (Spider:1)
  2 emperor scorpions (Spider:4)
  A vault warden (Vaults:2)
  An orc warlord (Orc:1)
  The ghost of Uhlv the Blocker, a journeyman HOFi of Okawaru (D:14)
  An ironheart preserver (Vaults:2)
  Snorg (Lair:6)
  3 merfolk impalers
  2 fire dragons
  Fannar (Lair:1)
  Erolcha (D:12)
  A yaktaur captain (Vaults:2)
  A great orb of eyes (Vaults:1)
  3 hydras
  An ice dragon (Vaults:2)
  4 entropy weavers
  An alligator snapping turtle (Shoals:2)
  A merfolk aquamancer (Shoals:4)
  A queen ant (shapeshifter) (D:15)
  An ogre mage (Orc:2)
  A tengu warrior (D:14)
  A deep troll shaman (Vaults:2)
  2 death yaks (Lair:4)
  A queen ant (Spider:3)
  A deep troll earth mage (Vaults:2)
  An orc high priest (Elf:2)
  6 deep elf knights
  Nergalle (Lair:3)
  Sonja (D:13)
  2 skeletal warriors (D:13)
  8 sea snakes
  6 deep trolls
  2 unseen horrors
  8 orc knights
  4 hill giants
  2 deep elf archers (Elf:1)
  4 harpies
  9 griffons
  7 orb spiders
  3 hornets
  2 cyclopes
  7 orc sorcerers
  An ironbrand convoker (Vaults:1)
  5 wolf spiders
  A faun (shapeshifter) (Vaults:1)
  10 slime creatures
  2 manticores
  3 fauns (Shoals:4)
  5 ugly things
  15 deep elf magi
  A mana viper (shapeshifter) (D:15)
  5 elephants (Lair:5)
  4 black mambas
  A siren (Shoals:2)
  A vault sentinel (Vaults:2)
  2 water nymphs
  An ice statue (D:13)
  A torpor snail (Spider:3)
  3 spiny frogs
  A centaur skeleton (D:11)
  A storm dragon simulacrum (Vaults:3)
  6 komodo dragons
  5 yaktaurs
  A rime drake (Lair:7)
  2 demonic crawlers
  14 jumping spiders
  2 trolls
  A wind drake (Shoals:3)
  10 merfolk
  5 centaurs
  A wind drake (shapeshifter) (D:15)
  A raiju (shapeshifter) (D:15)
  13 blink frogs
  3 snapping turtles
  A boulder beetle (Vaults:1)
  18 redbacks
  9 tarantellas
  3 wraiths
  A wyvern (Lair:4)
  3 fire elementals (D:12)
  A water elemental (Orc:2)
  29 yaks
  A hippogriff (D:12)
  12 humans (D:13)
  A basilisk (Lair:4)
  2 basilisks (shapeshifter)
  A mottled dragon (Vaults:2)
  3 hungry ghosts
  3 vampire mosquitoes
  11 wolves
  2 soldier ants (Spider:3)
  3 wargs
  A hell hound (D:12)
  4 water moccasins
  A human skeleton (Vaults:1)
  6 porcupines
  A sky beast (D:13)
  A human zombie (Vaults:1)
  12 orc warriors
  12 ogres
  2 phantoms
  4 black bears
  2 wasps
  7 crocodiles
  A wyvern zombie (D:13)
  A big kobold (D:12)
  A gnoll sergeant (D:12)
  8 giant frogs
  A scorpion (D:12)
  10 killer bees
  2 wights (D:14)
  6 howler monkeys
  A crimson imp (D:15)
  A quasit (D:9)
  A giant frog zombie (D:13)
  3 orc priests
  4 hounds
  7 orc wizards
  A giant frog skeleton (D:12)
  4 iguanas
  4 worker ants
  5 sheep (Lair:7)
  An adder (D:11)
  19 river rats
  2 shadow imps
  22 orcs
  4 kobolds (D:12)
  A quokka (D:11)
  8 bats (D:11)
  A quokka skeleton (D:8)
  7 rats (D:11)
  4 bushes
  26 fungi
  26 plants
577 creatures vanquished.

Vanquished Creatures (others)
  3 orc warlords
  An orc sorcerer (Spider:2)
  2 orc high priests
  A deep elf knight (Elf:1)
  9 orc knights
  A deep elf archer (Elf:2)
  A cyclops (Vaults:2)
  2 yaktaurs
  15 orc wizards
  18 orc warriors
  2 centaurs
  9 orc priests
  75 orcs
  A hobgoblin (D:3)
  10 fungi
  10 plants
160 creatures vanquished.

Grand Total: 1691 creatures vanquished

Notes
Turn   | Place    | Note
--------------------------------------------------------------
     0 | D:1      | Aksel the Hill Orc Fighter began the quest for the Orb.
     0 | D:1      | Reached XP level 1. HP: 19/19 MP: 1/1
   162 | D:1      | Reached skill level 3 in Axes
   254 | D:1      | Reached XP level 2. HP: 4/26 MP: 2/2
   770 | D:1      | Reached skill level 4 in Axes
  1153 | D:2      | Found a white marble altar of Elyvilon.
  1168 | D:2      | Reached XP level 3. HP: 31/31 MP: 3/3
  1396 | D:2      | Noticed Ijyb
  1400 | D:2      | Killed Ijyb
  1400 | D:2      | Reached skill level 5 in Axes
  1609 | D:2      | Reached XP level 4. HP: 37/39 MP: 4/4
  2069 | D:2      | Reached skill level 6 in Axes
  2186 | D:2      | Found an iron altar of Okawaru.
  2538 | D:2      | Reached XP level 5. HP: 45/45 MP: 5/5
  2686 | D:3      | Noticed an ogre
  2690 | D:3      | Killed an ogre
  2690 | D:3      | Reached skill level 7 in Axes
  2690 | D:3      | Reached skill level 1 in Slings
  2853 | D:3      | Became a worshipper of Beogh the Brigand
  2873 | D:3      | Reached XP level 6. HP: 37/51 MP: 6/6
  3035 | D:3      | Found an opulent altar of Gozag.
  3540 | D:3      | Reached skill level 8 in Axes
  3631 | D:4      | Noticed Duffy's ghost (weakling MiAK)
  3647 | D:4      | Found Wedawuon's Food Emporium.
  3764 | D:4      | Found a sparkling altar of Nemelex Xobeh.
  4026 | D:5      | Entered Level 5 of the Dungeon
  4148 | D:5      | Noticed Eustachio
  4190 | D:5      | Killed Eustachio
  4190 | D:5      | Reached XP level 7. HP: 54/60 MP: 7/7
  4257 | D:5      | Learned a level 1 spell: Pain
  4338 | D:5      | Noticed Prince Ribbit
  4416 | D:5      | Reached skill level 5 in Fighting
  4416 | D:5      | Reached skill level 9 in Axes
  4509 | D:5      | Found an ancient bone altar of Kikubaaqudgha.
  4564 | D:5      | Found a staircase to the Ecumenical Temple.
  4795 | D:5      | Reached * piety under Beogh
  5051 | D:5      | Found a stormy altar of Qazlal.
  5172 | D:5      | Found Ascho's Food Emporium.
  5589 | D:5      | Killed Prince Ribbit
  5589 | D:5      | Reached XP level 8. HP: 35/71 MP: 8/8
  6202 | D:6      | Found a glowing drain.
  6229 | Sewer    | Entered a sewer
  6523 | Sewer    | Found a glowing silver altar of Zin.
  6687 | D:6      | Reached ** piety under Beogh
  6751 | D:6      | Got a pair of smoking gloves
  6757 | D:6      | Identified the +2 pair of gloves of the Dungeon {rN+ Int+3} (You found it on level 6 of the Dungeon)
  6970 | D:6      | Reached skill level 5 in Maces & Flails
  6970 | D:6      | Reached XP level 9. HP: 68/82 MP: 9/9
  7827 | D:6      | Found a snail-covered altar of Cheibriados.
  7893 | D:7      | Found Uhukeidu's Assorted Antiques.
  8105 | D:7      | Found an oddly glowing altar of Pakellas.
  8207 | D:7      | Reached *** piety under Beogh
  8472 | D:7      | Found a radiant altar of Vehumet.
  9049 | D:8      | Reached XP level 10. HP: 62/92 MP: 10/10
  9141 | D:8      | Reached skill level 5 in Shields
  9169 | D:8      | Reached skill level 10 in Fighting
  9623 | D:8      | Noticed a manticore
  9633 | D:8      | Killed a manticore
  9633 | D:8      | Reached skill level 5 in Armour
 10582 | D:9      | Reached **** piety under Beogh
 10833 | D:9      | Gained mutation: Your body sometimes deteriorates upon taking damage. [mutagenic meat]
 10834 | D:9      | Gained mutation: You are somewhat resistant to further mutation. [mutagenic meat]
 10835 | D:9      | Gained mutation: You are frail (-10% HP). [mutagenic meat]
 11333 | D:9      | Found a sacrificial altar of Ru.
 11501 | D:10     | Entered Level 10 of the Dungeon
 11658 | D:10     | Reached XP level 11. HP: 71/90 MP: 11/11
 12245 | D:10     | Noticed a hill giant
 12262 | D:10     | Killed a hill giant
 12262 | D:10     | Reached skill level 10 in Maces & Flails
 12282 | D:10     | Killed an unseen horror
 12282 | D:10     | Reached skill level 1 in Invocations
 12747 | D:11     | Gained Spirok as an ally
 12829 | D:11     | Found a staircase to the Lair.
 13006 | D:11     | Found a staircase to the Orcish Mines.
 13104 | D:11     | Noticed a hill giant
 13110 | D:11     | Killed a hill giant
 14281 | D:10     | Reached ***** piety under Beogh
 14486 | Lair:1   | Entered Level 1 of the Lair of Beasts
 14492 | Lair:1   | Gained Orkrul as an ally
 14609 | Lair:1   | Noticed Fannar
 14628 | Lair:1   | Killed Fannar
 14923 | Lair:1   | Noticed a four-headed hydra
 14929 | Lair:1   | Killed a four-headed hydra
 15464 | Lair:2   | Reached XP level 12. HP: 103/103 MP: 13/13
 16520 | Lair:3   | Noticed Nergalle
 16576 | Lair:3   | Your ally Orkrul died
 16906 | Lair:3   | Killed Nergalle
 17268 | Lair:3   | Gained Wargrak as an ally
 17592 | Lair:4   | Gained Borgk as an ally
 17727 | Lair:4   | Your ally Borgk died
 18029 | Lair:4   | Found a dark tunnel.
 18159 | Volcano  | Entered a volcano
 18339 | Lair:4   | Noticed a four-headed hydra
 18348 | Lair:4   | Killed a four-headed hydra
 18663 | Lair:4   | Found a hole to the Spider Nest.
 18820 | Lair:4   | Lost mutation: Your body sometimes deteriorates upon taking damage. [potion of cure mutation]
 18820 | Lair:4   | Lost mutation: You are frail (-10% HP). [potion of cure mutation]
 18820 | Lair:4   | Lost mutation: You are somewhat resistant to further mutation. [potion of cure mutation]
 19020 | Lair:4   | Noticed a death yak
 19025 | Lair:4   | Noticed a death yak
 19026 | Lair:4   | Noticed a death yak
 19030 | Lair:4   | Killed a death yak
 19041 | Lair:4   | Killed a death yak
 19042 | Lair:4   | Killed a death yak
 19661 | Orc:1    | Entered Level 1 of the Orcish Mines
 19758 | Orc:1    | Noticed an orc high priest
 19775 | Orc:1    | Killed an orc high priest
 19775 | Orc:1    | Reached XP level 13. HP: 91/124 MP: 12/14
 19942 | Orc:2    | Entered Level 2 of the Orcish Mines
 19951 | Orc:1    | Noticed an orc warlord
 20623 | Lair:5   | Found a staircase to the Shoals.
 21387 | Lair:6   | Found an ancient bone altar of Kikubaaqudgha.
 21720 | Lair:6   | Reached skill level 10 in Armour
 21827 | Lair:6   | Reached ****** piety under Beogh
 21848 | Lair:6   | Noticed Snorg
 21852 | Lair:6   | Killed Snorg
 22829 | Lair:7   | Gained Korbok as an ally
 23570 | Orc:2    | Noticed Donald
 23588 | Orc:2    | Killed Donald
 23656 | Orc:2    | Found a staircase to the Elven Halls.
 23820 | Orc:2    | Paralysed by an orc sorcerer for 4 turns
 23926 | Orc:2    | Found Muohoap's Magic Scroll Boutique.
 24191 | Orc:2    | Found a radiant altar of Vehumet.
 24195 | Orc:2    | Found Bupeenu's Book Shop.
 24202 | Orc:2    | Gained Zorug as an ally
 24621 | Orc:2    | Found Doacuot's Antique Armour Shop.
 24621 | Orc:2    | Found a roughly hewn altar of Beogh.
 24640 | Orc:2    | Found an ancient bone altar of Kikubaaqudgha.
 24679 | Orc:2    | Found Doenywod's Magic Scroll Boutique.
 25110 | Orc:2    | Bought a scroll of identify for 26 gold pieces
 25110 | Orc:2    | Bought a scroll of fear for 45 gold pieces
 25110 | Orc:2    | Bought a scroll of identify for 26 gold pieces
 25172 | Orc:2    | Bought a scroll of identify for 24 gold pieces
 25172 | Orc:2    | Bought a scroll of identify for 24 gold pieces
 25340 | Orc:2    | Bought an embroidered cloak for 135 gold pieces
 25345 | Orc:2    | Bought a bloodstained chain mail for 285 gold pieces
 25367 | Orc:2    | Identified the +1 chain mail "Voegus" {MR+} (You bought it in a shop on level 2 of the Orcish Mines)
 25367 | Orc:2    | Bought an ichor-stained chain mail for 285 gold pieces
 25367 | Orc:2    | Bought a pair of crude gloves for 285 gold pieces
 25380 | Orc:2    | Identified the cursed +1 chain mail "Nugezxon" {Dex+2} (You bought it in a shop on level 2 of the Orcish Mines)
 25393 | Orc:2    | Identified the +0 pair of gloves of Gijudgh {Str+4 Slay+5} (You bought it in a shop on level 2 of the Orcish Mines)
 25752 | Orc:1    | Gained Orkwin as an ally
 26236 | Orc:1    | Killed an orc warlord
 26237 | Orc:1    | Gained Spirok as an ally
 26716 | Elf:1    | Entered Level 1 of the Elven Halls
 26718 | Elf:1    | Noticed a deep elf death mage
 26729 | Orc:2    | Reached skill level 15 in Maces & Flails
 27076 | Orc:2    | Bought 3 scrolls of identify for 72 gold pieces
 27483 | D:12     | Reached XP level 14. HP: 95/133 MP: 17/17
 27525 | D:12     | Reached skill level 5 in Invocations
 27665 | D:12     | Reached skill level 1 in Evocations
 27671 | D:12     | Gained Syrus as an ally
 27806 | D:12     | Noticed Erolcha
 27809 | D:12     | Killed Erolcha
 27809 | D:12     | Reached skill level 15 in Fighting
 28005 | D:12     | Noticed Azrael
 28015 | D:12     | Reached skill level 1 in Throwing
 28025 | D:12     | Killed Azrael
 28602 | D:13     | Noticed Sonja
 28609 | D:13     | Killed Sonja
 28708 | D:13     | Reached skill level 1 in Dodging
 28730 | D:13     | Found a gate to the Vaults.
 28994 | D:13     | Found a frozen archway.
 29024 | IceCv    | Entered an ice cave
 30290 | IceCv    | Noticed a frost giant
 30304 | IceCv    | Killed a frost giant
 30307 | IceCv    | Gained Urtork as an ally
 30560 | D:13     | Gained mutation: Your spells are a little harder to cast, but a little more powerful. [potion of mutation]
 30560 | D:13     | Gained mutation: You are partially covered in rugged brown scales (AC +1, +3% HP). [potion of mutation]
 30560 | D:13     | Gained mutation: You are weak. (Str -2) [potion of mutation]
 30561 | D:13     | Lost mutation: You are weak. (Str -2) [potion of cure mutation]
 30561 | D:13     | Lost mutation: You are partially covered in rugged brown scales (AC +1, +3% HP). [potion of cure mutation]
 31137 | D:13     | Found a snail-covered altar of Cheibriados.
 31413 | D:13     | Reached skill level 10 in Axes
 31656 | D:14     | Noticed Uhlv's ghost (journeyman HOFi)
 31670 | D:14     | Found a corrupted altar of Lugonu.
 31695 | D:14     | Reached XP level 15. HP: 136/141 MP: 18/18
 31846 | D:14     | Reached skill level 11 in Axes
 32810 | D:14     | Killed Uhlv's ghost
 32810 | D:14     | Reached skill level 12 in Axes
 32933 | D:14     | Upgraded the game from 0.18-a0-1514-g6ed9364 to 0.18-a0-1523-gbe15c29
 33292 | Shoals:1 | Entered Level 1 of the Shoals
 33931 | Shoals:1 | Reached skill level 13 in Axes
 34892 | Shoals:2 | Got a vibrating ruby amulet
 34894 | Shoals:2 | Identified the amulet "Moan" {Harm *Drain Str+3 Dex+2} (You found it on level 2 of the Shoals)
 34902 | Shoals:2 | Reached skill level 14 in Axes
 35125 | Shoals:2 | Gained Morun as an ally
 36023 | Orc:2    | Reached skill level 15 in Axes
 36115 | Elf:1    | Your ally Korbok died
 36583 | Orc:2    | Bought a scroll of teleportation for 39 gold pieces
 36647 | Orc:2    | Bought a glowing scale mail for 120 gold pieces
 37230 | D:15     | Entered Level 15 of the Dungeon
 37376 | D:15     | Found a staircase to the Depths.
 37769 | D:15     | Reached skill level 16 in Axes
 37961 | D:15     | Upgraded the game from 0.18-a0-1523-gbe15c29 to 0.18-a0-1526-gcb34c7c
 38345 | D:15     | Your ally Wargrak died
 38443 | D:15     | Your ally Urtork died
 38506 | D:15     | Gained Arbeogh as an ally
 39030 | D:15     | Reached XP level 16. HP: 149/149 MP: 19/19
 39667 | D:9      | Found a stormy altar of Qazlal.
 39667 | D:9      | Found a shattered altar of Ashenzari.
 39929 | D:7      | Bought a scroll of remove curse for 81 gold pieces
 40375 | Orc:1    | Reached skill level 17 in Axes
 41352 | Elf:1    | Noticed Nikola
 41361 | Elf:1    | Killed Nikola
 41361 | Elf:1    | Reached skill level 18 in Axes
 42015 | Elf:1    | Gained Morbeogh as an ally
 43131 | Spider:1 | Entered Level 1 of the Spider Nest
 43143 | Spider:1 | Noticed Josephine
 43153 | Lair:4   | Killed Josephine
 43495 | Spider:1 | Upgraded the game from 0.18-a0-1526-gcb34c7c to 0.18-a0-1539-g1c7284a
 43500 | Spider:1 | Noticed Roxanne
 43535 | Spider:1 | Your ally Spirok died
 43554 | Spider:1 | Reached skill level 19 in Axes
 43578 | Spider:1 | Noticed Aizul
 43662 | Spider:1 | Killed Aizul
 43908 | Spider:1 | Your ally Orkwin died
 44644 | Spider:2 | Noticed Wiglaf
 44659 | Spider:2 | Your ally Wargrak died
 44661 | Spider:2 | Your ally Spirok died
 44662 | Spider:2 | Killed Wiglaf
 46269 | Spider:3 | Reached skill level 5 in Evocations
 46291 | Spider:3 | Reached XP level 17. HP: 146/158 MP: 20/20
 46311 | Spider:3 | Got a slimy falchion
 46325 | Spider:3 | Identified the +1 falchion of Ofaruin {elec, *Noise rC- MP+9 Dex+4} (You found it on level 3 of the Spider Nest)
 46979 | Spider:3 | Reached skill level 20 in Axes
 47411 | Spider:4 | Entered Level 4 of the Spider Nest
 47411 | Spider:4 | Noticed pedritolo's ghost (adept VSTm)
 47426 | Spider:4 | Killed pedritolo's ghost
 47638 | Spider:4 | Got a shimmering leather armour
 47649 | Spider:4 | Identified the +1 leather armour of Riasmo {rN+ MR+} (You found it on level 4 of the Spider Nest)
 48486 | Spider:1 | Got a brightly glowing quarterstaff
 49481 | Spider:4 | Reached skill level 10 in Shields
 50182 | Spider:4 | Reached skill level 21 in Axes
 51162 | D:11     | Identified the +4 quarterstaff of Zoedak {freeze, *Contam +Inv rF+ Str+6} (You found it on level 1 of the Spider Nest)
 51948 | Spider:4 | Got a gossamer rune of Zot
 52451 | Spider:4 | Gained Borgoth as an ally
 52776 | Vaults:1 | Entered Level 1 of the Vaults
 52934 | Vaults:1 | Gained Margrim as an ally
 53057 | Vaults:1 | Paralysed by a great orb of eyes for 5 turns
 53061 | Vaults:1 | Your ally Margrim died
 53063 | Vaults:1 | Reached XP level 18. HP: 79/168 MP: 23/23
 53513 | Elf:2    | Found a portal to a secret trove of treasure.
 54098 | D:7      | Bought a glowing fire dragon armour for 1620 gold pieces
 54110 | D:7      | Bought 2 potions of curing for 162 gold pieces
 54366 | Elf:2    | Found a runed gate.
 54366 | Elf:2    | Found a runed gate.
 54366 | Elf:2    | Found a runed gate.
 54444 | Elf:2    | Gained Okrist as an ally
 54595 | Elf:2    | Found Farefoc's Armour Shoppe.
 54767 | Elf:2    | Found a roughly hewn altar of Beogh.
 54824 | Elf:2    | Upgraded the game from 0.18-a0-1539-g1c7284a to 0.18-a0-1542-g9c1a92e
 56059 | Vaults:1 | Reached skill level 22 in Axes
 56848 | Vaults:1 | Found Fafucsil's Food Shoppe.
 57482 | Vaults:2 | Found a glowing golden altar of the Shining One.
 58218 | Vaults:2 | Reached XP level 19. HP: 90/177 MP: 25/25
 58937 | Vaults:2 | Reached skill level 23 in Axes
 59264 | Vaults:2 | Upgraded the game from 0.18-a0-1542-g9c1a92e to 0.18-a0-1551-g40744a8
 59297 | Vaults:3 | Gained Hilgar as an ally
 59315 | Vaults:3 | Your ally Morbeogh died
 59585 | Vaults:3 | Your ally Borgoth died
 62341 | Shoals:4 | Entered Level 4 of the Shoals
 62354 | Shoals:4 | Noticed Ilsuiw
 62399 | Shoals:4 | Gained Bladwarg as an ally
 62406 | Shoals:4 | Killed Ilsuiw
 62409 | Shoals:4 | Noticed Polyphemus
 62418 | Shoals:4 | Killed from afar by a merfolk aquamancer

Vault maps used:
D:1:      dpeg_arrival_subterranean_lakeside_camping, nrook_mini_backslash
D:2:      elyvilon_altar_5, marbit_many_paths, first_bread, serial_forest,
          infiniplex_forest_clump_medium, infiniplex_forest_clump_diagonal,
          infiniplex_forest_straight_3, infiniplex_forest_straight_2,
          infiniplex_forest_end_1, infiniplex_forest_zigzag_1,
          infiniplex_forest_clump_small, infiniplex_forest_lined_room_2,
          infiniplex_forest_clump_long, uniq_iyjb
D:3:      grunt_gozag_breadcrumbs, kennysheep_crisscross, roderic_lattice_a,
          due_unseen_surprise
D:4:      serial_shops, nicolae_shop_crystal, nemelex_altar_shiori,
          uniq_crazy_yiuf_cottage
D:5:      lemuel_doored_altar, minmay_temple_entry_trees, serial_shops, shop,
          nicolae_qazlal_general_emergency, uniq_eustachio, uniq_prince_ribbit1
D:6:      cheibrodos_worm_habitat, serial_undead, serial_undead_d,
          serial_undead_a, serial_undead_a, serial_undead_f,
          portal_sewer_entry_b
D:7:      lemuel_crystal_altar, kennysheep_little_box, serial_shops, shop
D:9:      old_standard_altar, nicolae_overflow_hidden_temple,
          minmay_stone_trees_small
D:10:     serial_corexii_hall, corexii_hall_statues_i, corexii_hall_statues_u,
          corexii_hall_statues_l, hangedman_little_slice_of_home
D:11:     grunt_lair_entry_orc_guard_hut, hiddenorc1_lemuel
D:12:     uniq_erolcha, uniq_azrael
D:13:     david_vaults_3, portal_ice_cave_entry_ice_statue_01,
          kennysheep_decorative_pillar, lemuel_tele_altar, uniq_sonja
D:14:     tgw_lugonu_bribe
D:15:     gammafunk_enter_depths_forms, special_room,
          hangedman_abyss_or_decor_clamps
Lair:1:   beast_lair_carwin_5, uniq_fannar
Lair:2:   infiniplex_staircase_pool, grunt_megastairs_3
Lair:3:   beast_lair_carwin_10, uniq_nergalle
Lair:4:   spider_nest_entry_a, enter_volcano_1, grunt_forest_small_clearings,
          beast_lair_carwin_4, grunt_megastairs_2
Lair:5:   minmay_shoals_entry_lonely_mermaid, lemuel_fruit_tree
Lair:6:   basic_altar, serial_bayou_shore_a, serial_bayou_shore_b, uniq_snorg
Shoals:2: nicolae_shoals_siren_and_animal_friends
Shoals:4: shoals_end_grunt_garden, shoal_ilsuiw, uniq_polyphemus
Spider:1: uniq_aizul, uniq_roxanne, uniq_josephine
Spider:2: uniq_wiglaf
Spider:3: nicolae_spider_ant_collections
Spider:4: guppyfry_spider_rune, nicolae_spider_nook, nicolae_spider_cling_ruins
Orc:1:    lightli_orcish_oven
Orc:2:    kennysheep_orc_mage_school, uniq_donald
Elf:1:    minmay_elf_arrival_plus, kennysheep_underground_church, uniq_nikola
Elf:2:    nicolae_trove_entry_columns, serial_shops, shop_statue, shop,
          special_room
Vaults:1: v_alt_pattern_6, grunt_vaults_twisty, hangedman_vaults_hat, v_rooms_1,
          nicolae_vaults_yaktaur_gun_rack, hangedman_vaults_snaps,
          nicolae_vaults_asterisk, vaults_room_stairs_pillars,
          ontoclasm_vaults_decontamination, nicolae_vaults_little_squares_6,
          serial_shops, shop
Vaults:2: ontoclasm_vaults_hangar, blue_anna_dwarven_crypt, v_rooms_5,
          hangedman_vaults_nodes, hangedman_vaults_cutoff,
          nicolae_vaults_rhombus_5, v_misc_30, nicolae_vaults_three_branches,
          v_misc_1, ontoclasm_vaults_gallery, hangedman_vaults_impose,
          basic_altar
Vaults:3: vaults_room_hangedman_quadrants, nicolae_vaults_little_squares_1,
          vaults_room_fancy_cross, ontoclasm_vaults_ligature,
          hangedman_vaults_restitches, vaults_mumra_minichess_inversion,
          v_misc_23, vaults_standard_mumra_x, serial_shops, shop
Sewer:    sewer_kobolds
IceCv:    ice_cave_caverns_01
Volcano:  volcano_caves

Skill      XL: |  1  2  3  4  5  6  7  8  9 10 11 12 13 14 15 16 17 18 19 |
---------------+----------------------------------------------------------+-----
Axes           | 3 4 5 6 7 8 9 10 16 19 21 22 23 | 23.7
Slings         | 1 2 3 |  3.7
Fighting       | 4 6 8 9 10 13 14 15 16 17 | 17.4
Maces & Flails | 2 5 8 9 11 12 15 16 | 16.9
Shields        | 4 8 9 10 11 | 11.5
Armour         | 4 5 9 10 11 | 11.6
Invocations    | 2 4 5 |  5.0
Evocations     | 3 5 6 8 9 |  9.3
Throwing       | 1 |  1.4
Dodging        | 2 3 4 |  4.6

Action                   |  1- 3 |  4- 6 |  7- 9 | 10-12 | 13-15 | 16-18 | 19-21 || total
-------------------------+-------+-------+-------+-------+-------+-------+-------++-------
Melee: War axe           |   115 |   130 |    71 |    18 |       |   277 |       ||   611
       Hunting sling     |       |    41 |       |       |       |       |       ||    41
       Flail             |       |       |   157 |   662 |   773 |       |       ||  1592
       Dire flail        |       |       |   161 |       |       |       |       ||   161
       Battleaxe         |       |       |       |       |   184 |       |       ||   184
       Broad axe         |       |       |       |       |   121 |   585 |   257 ||   963
 Fire: Hunting sling     |       |    62 |    65 |    22 |     2 |    45 |    15 ||   211
Throw: Stone             |       |     6 |       |     1 |       |       |       ||     7
       Javelin           |       |       |       |     3 |    14 |       |     1 ||    18
       Tomahawk          |       |       |       |       |     5 |     5 |       ||    10
       Throwing net      |       |       |       |       |       |     1 |       ||     1
Invok: Convert to Beogh  |       |     1 |       |       |       |       |       ||     1
       Recall Orcish Fol |       |       |       |    15 |    69 |    27 |    14 ||   125
       Give Item to Name |       |       |       |     3 |     7 |     2 |       ||    12
       Stop Recall       |       |       |       |       |    27 |    16 |     6 ||    49
       Smiting           |       |       |       |       |     3 |       |       ||     3
       Resurrection      |       |       |       |       |     1 |     1 |     1 ||     3
Evoke: Wand              |       |       |       |       |     4 |     5 |     3 ||    12
  Use: Potion            |       |     1 |     6 |    11 |    12 |     7 |     4 ||    41
       Scroll            |       |     6 |     5 |    12 |    26 |    14 |     1 ||    64
 Stab: Distracted        |       |       |       |     8 |    18 |    15 |     4 ||    45
       Paralysed         |       |       |       |       |     1 |       |       ||     1
  Eat: Chunk             |     2 |     9 |    10 |    16 |    20 |    34 |     9 ||   100
       Beef jerky        |       |       |     2 |     1 |     1 |     3 |     1 ||     8
       Bread ration      |       |       |     2 |     3 |     6 |     2 |     1 ||    14
       Royal jelly       |       |       |       |     1 |       |     1 |       ||     2
       Meat ration       |       |       |       |     1 |     2 |     1 |       ||     4
       Fruit             |       |       |       |       |     7 |     4 |       ||    11
       Pizza             |       |       |       |       |     3 |     1 |       ||     4
